 Dungeon Crawl Stone Soup version 0.18-a0-1784-ga939a68 (webtiles) character file.

126 barb4r1an the Ducker (level 4, 0/35 HPs)
             Began as a Demonspawn Gladiator on Apr 18, 2016.
             Slain by Grinder (5 damage)
             ... on level 3 of the Dungeon.
             The game lasted 00:03:11 (1802 turns).

barb4r1an the Ducker (Demonspawn Gladiator)         Turns: 1802, Time: 00:03:11

Health: 0/35       AC: 10    Str: 16    XL:     4   Next: 83%
Magic:  4/4        EV: 12    Int:  9    God:
Gold:   146        SH:  0    Dex: 13    Spells: 0 memorised, 3 levels left

rFire  . . .     SeeInvis .     q - +4 dagger
rCold  . . .     Gourm    .     p - +0 ring mail (curse)
rNeg   . . .     Faith    .     (no shield)
rPois  .         Spirit   .     c - +0 helmet
rElec  .         Dismiss  .     (no cloak)
rCorr  .         Reflect  .     (no gloves)
SustAt .         Harm     .     (no boots)
MR     .....                    (no amulet)
Stlth  +.........               (no ring)
                                (no ring)

@: not resistant to hostile enchantments, very unstealthy
A: rough black scales 1, powered by death 1, spiny 1
a: no special abilities


You were on level 3 of the Dungeon.
You were not hungry.

You visited 1 branch of the dungeon, and saw 3 of its levels.

You collected 146 gold pieces.

Inventory:

Hand Weapons
 a - a +0 long sword
 q - a +4 dagger (weapon)
Armour
 b - a +0 leather armour
 c - a +0 helmet (worn)
 p - a cursed +0 ring mail (worn)
 t - a +0 chain mail
Scrolls
 i - a scroll of fear
 j - 2 scrolls of fog
Potions
 e - 2 potions of agility {unknown}
 g - a potion of magic {unknown}
 k - a potion of curing {unknown}
 r - a potion of might {unknown}
Comestibles
 f - 3 bread rations
 h - a royal jelly
 l - a beef jerky
 m - 3 fruits


   Skills:
 + Level 3.1 Fighting
 + Level 3.2 Long Blades
 - Level 2.0 Throwing
 + Level 2.0 Armour
 + Level 3.3 Dodging


You had 3 spell levels left.
You didn't know any spells.

Dungeon Overview and Level Annotations

Branches:
Dungeon (3/15)

Altars:
Cheibriados
Ru
The Shining One

Annotations:
D:3 Grinder


Innate Abilities, Weirdness & Mutations

You are partially covered in rough black scales (AC +4, Dex -1).
You regenerate a little health from kills.
You are partially covered in sharp spines.


Message History

You can move again.
Throwing (i - inventory):
d - 2 throwing nets (quivered)
Press: ? - help, Shift-Dir - straight line, f/p - Grinder
Aim: Grinder (moderately wounded)
You throw a throwing net. The throwing net barely misses Grinder.
Throwing (i - inventory):
d - a throwing net (quivered)
Press: ? - help, Shift-Dir - straight line, f/p - Grinder
Aim: Grinder (moderately wounded)
You throw a throwing net. The throwing net barely misses Grinder.
Grinder gestures at you. Pain shoots through your body!
You hit Grinder.
Grinder is moderately wounded.
Grinder is struck by your spines. Grinder hits you.
You writhe in agony.
You hit Grinder.
Grinder is severely wounded.
Grinder is struck by your spines. Grinder hits you.
* * * LOW HITPOINT WARNING * * *
You writhe in agony.
You die...

#######.# #.# .# # #.#
#.##.# #######.#
##...#.#
........########(.....#
...............#...?#.#
#.####..######........
#.# #.†........5(.# #.#
#.#########@#
#.####.### #.#
.........# #.#
..####.#.# #.# †.#
#.#.# #.# ..# #.#.# #.#
..# #.#.# #.#
.#####.#.# #.#
.......#.# #.#


You could see Grinder.

Vanquished Creatures
  An orc wizard (D:2)
  5 adders
  3 dart slugs
  4 bats
  2 giant cockroaches
  6 goblins
  7 hobgoblins
  4 jackals (D:3)
  A ball python (D:1)
  3 giant newts (D:2)
  5 kobolds (D:2)
  2 rats
43 creatures vanquished.

Notes
Turn   | Place    | Note
--------------------------------------------------------------
     0 | D:1      | barb4r1an the Demonspawn Gladiator began the quest for the Orb.
     0 | D:1      | Reached XP level 1. HP: 16/16 MP: 1/1
   454 | D:1      | Gained mutation: You regenerate a little health from kills. [demonic ancestry]
   454 | D:1      | Reached XP level 2. HP: 14/22 MP: 2/2
   769 | D:2      | Found a sacrificial altar of Ru.
   778 | D:2      | Gained mutation: You are partially covered in sharp spines. [demonic ancestry]
   778 | D:2      | Reached XP level 3. HP: 27/28 MP: 3/3
   782 | D:2      | Reached skill level 1 in Armour
   891 | D:2      | Gained mutation: You are partially covered in rough black scales (AC +4, Dex -1). [demonic ancestry]
   891 | D:2      | Reached XP level 4. HP: 34/34 MP: 4/4
  1031 | D:2      | Found a snail-covered altar of Cheibriados.
  1496 | D:3      | Found a glowing golden altar of the Shining One.
  1782 | D:3      | Noticed Grinder
  1791 | D:3      | Paralysed by Grinder for 7 turns
  1802 | D:3      | Slain by Grinder

Vault maps used:
D:1:      lemuel_arrival_rhombus
D:2:      nicolae_ru_great_annihilating_truth, cheibriados_altar_1,
          minmay_misc_feat_secret_circle
D:3:      nicolae_tso_carved_into_rock, uniq_grinder

Skill      XL: |  1  2  3  4 |
---------------+-------------+-----
Throwing       | 2 |  2.0
Long Blades    | 3 |  3.2
Armour         | 1 2 |  2.0
Dodging        | 3 |  3.3
Fighting       | 3 |  3.1

Action                   |  1- 3 |  4- 6 || total
-------------------------+-------+-------++-------
Melee: Long sword        |    17 |       ||    17
       Dagger            |    39 |    35 ||    74
Throw: Throwing net      |       |     3 ||     3
  Use: Scroll            |       |     4 ||     4
 Stab: Paralysed         |     2 |       ||     2
  Eat: Meat ration       |       |     1 ||     1
Armor: Ring mail         |    22 |     9 ||    31
       Leather armour    |     3 |       ||     3
Dodge: Dodged            |    45 |    11 ||    56
